 Dungeon Crawl Stone Soup version 0.26.1-11-gd32895ea62 (webtiles) character file.

Game seed: 4369739994540770573

584 Zeld the Cleaver (level 7, -3/85 HPs)
             Began as a Minotaur Berserker on May 23, 2021.
             Was a Priest of Trog.
             Slain by a centaur (5 damage)
             ... on level 4 of the Dungeon.
             The game lasted 00:03:37 (6020 turns).

Zeld the Cleaver (Minotaur Berserker)               Turns: 6020, Time: 00:03:38

Health: -3/85      AC:  1    Str: 23    XL:     7   Next: 14%
Magic:  6/6        EV: 12    Int:  4    God:    Trog [***...]
Gold:   387        SH:  0    Dex: 10    Spells: 6/6 levels left

rFire    . . .     SeeInvis .   a - +0 hand axe
rCold    . . .     Faith    .   (no shield)
rNeg     . . .     Spirit   .   (no armour)
rPois    .         Reflect  .   (helmet restricted)
rElec    .         Harm     .   (no cloak)
rCorr    .         Rampage  .   f - +0 pair of gloves
Will     .....                  (no boots)
Stlth    ..........             (no amulet)
HPRegen  0.24/turn              (no ring)
MPRegen  0.10/turn              (no ring)

@: berserking, very quick
A: retaliatory headbutt, horns 2
a: Renounce Religion, Berserk, Trog's Hand


You were on level 4 of the Dungeon.
You worshipped Trog.
Trog was most pleased with you.
You visited 1 branch of the dungeon, and saw 4 of its levels.
You also visited: Ossuary.

You collected 387 gold pieces.

Inventory:

Hand Weapons
 a - a +0 hand axe (weapon)
Armour
 f - a +0 pair of gloves (worn)
Jewellery
 g - a cursed -4 ring of strength {unknown}
Wands
 p - a wand of iceblast (7)
Scrolls
 c - 2 scrolls of enchant armour {unknown}
 d - 5 scrolls of identify {unknown}
 i - 4 scrolls of teleportation {unknown}
 k - 3 scrolls of enchant weapon {unknown}
 m - 4 scrolls of remove curse {unknown}
 n - a scroll of random uselessness {unknown}
 r - a scroll of silence {unknown}
 s - a scroll of fog {unknown}
 x - 3 scrolls of immolation {unknown}
 y - a scroll of magic mapping {unknown}
Potions
 b - 4 potions of mutation {unknown}
 e - a potion of heal wounds {unknown}
 h - 3 potions of magic {unknown}
 j - 2 potions of haste {unknown}
 l - 2 potions of invisibility {unknown}
 o - 3 potions of brilliance {unknown}
 q - 2 potions of degeneration {unknown}
 t - a potion of lignification {unknown}
 u - a potion of ambrosia {unknown}
 v - a potion of might {unknown}
 w - a potion of flight {unknown}
 z - a potion of resistance {unknown}


   Skills:
 - Level 3.6 Fighting
 * Level 9.9 Axes
 - Level 2.4 Armour
 - Level 2.1 Dodging


You had 6 spell levels left.
You didn't know any spells.
Your spell library was empty.

Dungeon Overview and Level Annotations

Branches:
Dungeon (4/15)            Ossuary (visited)
 Temple: D:4-7

Altars:
Okawaru
Yredelemnul
The Shining One


Innate Abilities, Weirdness & Mutations

You reflexively headbutt those who attack you in melee.
You have a pair of horns on your head.


Message History

You are too injured to fight recklessly!
You are too injured to fight recklessly!
You are too injured to fight recklessly!
Okay, then.
A red film seems to cover your vision as you go berserk!
You feel yourself moving faster!
You feel mighty!
The centaur shoots an arrow.
The arrow hits you!
* * * LOW HITPOINT WARNING * * *
You are too injured to fight recklessly!
You are too injured to fight recklessly!
You feel a strong urge to attack something.
The centaur shoots an arrow.
The arrow hits you!
* * * LOW HITPOINT WARNING * * *
The centaur unwields a +0 shortbow.
The centaur hits you.
* * * LOW HITPOINT WARNING * * *
You barely miss the centaur. You slash the centaur!
Your headbutt misses the centaur.
The centaur is severely wounded.
The centaur hits you.
You die...

##..##
##....[.#
##..##
##.......#
##..##
#.(...#..#
#..##
##(...##..#
##.##
#(...## ..#
##.##
##)..## .#
##.##
###(..##
#.##
#....## #.#
#@...# ###
#c..##
...## #...#
...## ....#
....## ...#


You could see a centaur.

Vanquished Creatures
  An ogre (D:4)
  An orc priest (D:3)
  An iguana (D:4)
  Ijyb (D:4)
  2 orc wizards
  A worker ant (D:4)
  Natasha (thrice) (D:2)
  8 mummies (Ossuary)
  4 gnolls (D:4)
  2 adders (D:3)
  3 worms
  4 leopard geckos
  8 orcs
  3 bats
  4 giant cockroaches
  8 goblins
  5 hobgoblins
  8 jackals
  13 kobolds
  2 quokkas (D:2)
  7 frilled lizards
  3 hobgoblin zombies (Ossuary)
  3 kobold zombies (Ossuary)
  2 orc zombies (Ossuary)
  4 rats
101 creatures vanquished.

Vanquished Creatures (others)
  An orc wizard (D:4)
  A fungus (D:4)
  26 plants (D:2)
28 creatures vanquished.

Grand Total: 129 creatures vanquished

Notes
Turn   | Place    | Note
-------+----------+-------------------------------------------
     0 | D:1      | Zeld the Minotaur Berserker began the quest for the Orb.
     0 | D:1      | Reached XP level 1. HP: 19/19 MP: 0/0
    87 | D:1      | Reached skill level 4 in Axes
   144 | D:1      | Reached XP level 2. HP: 21/26 MP: 1/1
   147 | D:1      | HP: 1/26 [leopard gecko (5)]
   579 | D:1      | Found a glowing golden altar of the Shining One.
   717 | D:1      | Reached skill level 5 in Axes
   871 | D:2      | Reached XP level 3. HP: 27/31 MP: 2/2
   947 | D:2      | Reached ** piety under Trog
  1267 | D:2      | Noticed Natasha
  1281 | D:2      | Killed Natasha
  1954 | D:2      | Noticed Natasha
  1959 | D:2      | Killed Natasha
  1960 | D:2      | Reached skill level 6 in Axes
  1960 | D:2      | Reached XP level 4. HP: 29/39 MP: 3/3
  2075 | D:2      | Noticed Natasha
  2084 | D:2      | Killed Natasha
  2319 | D:2      | Found a faded altar of an unknown god.
  2485 | D:3      | Found a basalt altar of Yredelemnul.
  2589 | D:3      | Reached XP level 5. HP: 38/45 MP: 4/4
  2593 | D:3      | Reached skill level 7 in Axes
  3426 | D:3      | Found an iron altar of Okawaru.
  3739 | D:4      | Noticed Ijyb
  3750 | D:4      | Killed Ijyb
  3751 | D:4      | Reached skill level 8 in Axes
  3962 | D:4      | Reached *** piety under Trog
  3978 | D:4      | Reached XP level 6. HP: 47/51 MP: 5/5
  4229 | D:4      | Found a sand-covered staircase.
  4296 | D:4      | Reached skill level 9 in Axes
  4463 | Ossuary  | Entered an ossuary
  5255 | Ossuary  | Reached XP level 7. HP: 45/57 MP: 6/6
  6017 | D:4      | HP: 3/85 [centaur/arrow (10)]
  6018 | D:4      | HP: 1/85 [centaur (2)]
  6020 | D:4      | Slain by a centaur

Illustrated notes

Levels and vault maps discovered:
D:1:      minmay_arrival_semitransparent, layout_rooms, tso_metal_star
D:2:      layout_basic, chequers_ecumenical_altar_twisty, serial_bayou_lagoon_a,
          uniq_natasha
D:3:      layout_basic, okawaru_ov_weapons_minmay, lemuel_crystal_altar
D:4:      layout_cave_pods, nicolae_ossuary_entry_false_entrances, uniq_robin,
          uniq_ijyb, uniq_crazy_yiuf_cottage

Skill      XL: |  1  2  3  4  5  6 |
---------------+-------------------+-----
Axes           | 4 5 6 8 9 |  9.9
Fighting       | |  3.6
Armour         | |  2.4
Dodging        | |  2.1

Action                   |  1- 3 |  4- 6 |  7- 9 || total
-------------------------+-------+-------+-------++-------
Melee: Hand axe          |    70 |   154 |    16 ||   240
       Headbutt          |     8 |    30 |     1 ||    39
Invok: Berserk           |       |     2 |     2 ||     4
 Stab: Sleeping          |     1 |       |       ||     1
Armor: Skin              |     6 |     5 |       ||    11
Dodge: Dodged            |    52 |    72 |     5 ||   129
